 Dungeon Crawl Stone Soup version 0.25-a0-591-g2ad0d86 (webtiles) character file.

Game seed: 16346003439276205474, levelgen mode: deterministic

205 CanOfBees the Skirmisher (level 5, -1/48 HPs)
             Began as a Minotaur Berserker on Mar 14, 2020.
             Was a Believer of Trog.
             Succumbed to Crazy Yiuf's poison
             ... on level 3 of the Dungeon.
             The game lasted 00:03:33 (2567 turns).

CanOfBees the Skirmisher (Minotaur Berserker)       Turns: 2567, Time: 00:03:34

Health: -1/48      AC:  5    Str: 21    XL:     5   Next: 53%
Magic:  4/4        EV: 12    Int:  5    God:    Trog [**....]
Gold:   76         SH: 11    Dex: 10    Spells: 4/4 levels left

rFire    . . .     SeeInvis .   a - +0 hand axe
rCold    . . .     Gourm    .   g - +0 tower shield
rNeg     . . .     Faith    .   p - +0 ring mail
rPois    .         Spirit   .   (helmet restricted)
rElec    .         Reflect  .   (no cloak)
rCorr    .         Harm     .   (no gloves)
MR       .....                  (no boots)
Stlth    ..........             (no amulet)
HPRegen  0.16/turn              (no ring)
MPRegen  0.09/turn              (no ring)

@: agile, lethally poisoned (-1 -> -14), berserk cooldown, slowed, lightly
drained, very slow
A: retaliatory headbutt, horns 2
a: Berserk, Trog's Hand, Renounce Religion


You were on level 3 of the Dungeon.
You worshipped Trog.
Trog was pleased with you.
You were hungry.

You visited 1 branch of the dungeon, and saw 3 of its levels.

You collected 76 gold pieces.

Inventory:

Hand Weapons
 a - a +0 hand axe (weapon)
 x - a +1 whip of pain
Missiles
 e - 20 stones (quivered)
 h - 87 sling bullets
 k - 88 arrows
 l - 31 bolts
 o - 18 poisoned darts
Armour
 g - a +0 tower shield (worn)
 p - a +0 ring mail (worn)
Scrolls
 b - 4 scrolls of teleportation {unknown}
 d - a scroll of magic mapping {unknown}
 j - 3 scrolls of identify {unknown}
 n - 2 scrolls of remove curse {unknown}
 t - a scroll of immolation {unknown}
 v - a scroll of enchant weapon {unknown}
 w - a scroll of blinking {unknown}
Potions
 i - a potion of heal wounds {unknown}
 m - a potion of magic {unknown}
 q - a potion of brilliance {unknown}
 r - a potion of stabbing {unknown}
 s - 6 potions of curing {unknown}
 u - a potion of lignification {unknown}
Comestibles
 c - 6 rations


   Skills:
 + Level 5.0(4.4) Fighting
 + Level 4.9(4.4) Axes
 - Level 4.0(3.4) Armour
 + Level 3.7(3.2) Dodging


You had 4 spell levels left.
You didn't know any spells.
Your spell library was empty.

Dungeon Overview and Level Annotations

Branches:
Dungeon (3/15)

Altars:
Fedhas
Trog

Annotations:
D:2 exclusion: oklob plant


Innate Abilities, Weirdness & Mutations

You reflexively headbutt those who attack you in melee.
You have a pair of horns on your head.


Message History

Trog accepts your kill.
Your base Fighting skill increases to level 5!
* * * LOW HITPOINT WARNING * * *
You feel sick.
You are too berserk!
Unknown command.
* * * LOW HITPOINT WARNING * * *
You feel sick.
There is an open translucent door, spattered with blood here.
Things that are here:
a +4 quarterstaff of chaos; a +0 cloak; the gnoll corpse of Crazy Yiuf You feel a strong urge to attack something.
* * * LOW HITPOINT WARNING * * *
You feel sick.
You are no longer berserk.
You are exhausted.
You feel yourself slow down.
* * * LOW HITPOINT WARNING * * *
You feel sick.
You die...

...........# ♣...♣♣ #...#
.#....)###.# ♣♣.♣♣ #.###
.......# #.# ♣.♣♣ #.#####
##.##### ### ♣♣.♣ #.....#
##.# ♣.♣♣ #.###.# ...# ♣♣.♣
#...#.# ############ ##)##
###.#.# #####......# #...#
#.#.# ..÷.....#### #.@.#
#.#.# #####...# #..)#
###.#.# ##### ##### #.....#
#### #.....#
...###################.....#
##...................#.....#
#........####.###.#.#.....#
##.######.# #.#...#.###.###
...######.## #.#.###.# #.#


There were no monsters in sight!

Vanquished Creatures
  2 orc priests (D:3)
  Crazy Yiuf (D:3)
  3 adders
  An ooze (D:3)
  3 worms
  3 dart slugs
  2 leopard geckos
  2 orcs (D:3)
  2 ball pythons
  4 giant cockroaches
  5 hobgoblins
  12 jackals
  7 kobolds
  A quokka (D:3)
  7 bats
  4 frilled lizards
  5 goblins
  12 rats
76 creatures vanquished.

Vanquished Creatures (others)
  16 toadstools (D:2)
16 creatures vanquished.

Grand Total: 92 creatures vanquished

Notes
Turn   | Place    | Note
-------+----------+-------------------------------------------
     0 | D:1      | CanOfBees the Minotaur Berserker began the quest for the
                  | Orb.
     0 | D:1      | Reached XP level 1. HP: 19/19 MP: 0/0
    98 | D:1      | Reached XP level 2. HP: 22/27 MP: 1/1
   419 | D:1      | Reached skill level 4 in Fighting
   860 | D:1      | Reached XP level 3. HP: 21/33 MP: 2/2
  1069 | D:2      | Found a blossoming altar of Fedhas.
  1095 | D:2      | Noticed an oklob plant
  1327 | D:2      | Reached ** piety under Trog
  1370 | D:2      | Found a bloodstained altar of Trog.
  1457 | D:2      | Found a faded altar of an unknown god.
  1498 | D:2      | Reached XP level 4. HP: 29/41 MP: 3/3
  2193 | D:3      | Reached XP level 5. HP: 29/47 MP: 4/4
  2360 | D:3      | Found a runed translucent door.
  2361 | D:3      | Noticed Crazy Yiuf
  2563 | D:3      | Killed Crazy Yiuf
  2563 | D:3      | Reached skill level 5 in Fighting
  2564 | D:3      | HP: 3/72 [poisoned by Crazy Yiuf]
  2566 | D:3      | HP: 1/48 [poisoned by Crazy Yiuf]
  2567 | D:3      | Succumbed to Crazy Yiuf's poison

Levels and vault maps discovered:
D:1:      dpeg_arrival_ternary, layout_loops_ring, minmay_stone_trees_large,
          minmay_crystal_water, minmay_tripent
D:2:      layout_loops_cross, old_standard_altar,
          chequers_ecumenical_altar_twisty, tgw_fedhas
D:3:      layout_loops_ring, first_ration, uniq_crazy_yiuf_cottage

Skill      XL: |  1  2  3  4  5 |
---------------+----------------+-----
Fighting       | 4 5 |  5.0
Axes           | 4 |  4.9
Armour         | 3 4 |  4.0
Dodging        | 3 |  3.7

Action                   |  1- 3 |  4- 6 || total
-------------------------+-------+-------++-------
Melee: Hand axe          |    84 |    87 ||   171
       Headbutt          |    12 |    16 ||    28
Throw: Stone             |     3 |       ||     3
Invok: Trog's Hand       |       |     1 ||     1
       Berserk           |       |     1 ||     1
  Eat: Chunk             |     2 |     4 ||     6
Armor: Animal skin       |     7 |       ||     7
       Ring mail         |    23 |    33 ||    56
Dodge: Dodged            |    23 |    30 ||    53
Block: Tower shield      |    46 |    57 ||   103

Table legend:
 A = Non-vault XP
 B = Vault XP
 C = Vault XP percentage of total XP
 D = Non-vault monster count
 E = Vault monster count
 F = Vault count percentage of total count
                 A         B        C        D         E       F
            +---------+---------+-------+---------+---------+-------
      Total |     254 |      40 |  13.6 |      73 |       3 |   3.9
            +---------+---------+-------+---------+---------+-------
        D:1 |      38 |       3 |   7.3 |      24 |       2 |   7.7
        D:2 |      59 |       0 |   0.0 |      20 |       0 |   0.0
        D:3 |     157 |      37 |  19.1 |      29 |       1 |   3.3
            +---------+---------+-------+---------+---------+-------
